[Event "Early-Titled-Tuesday-Blitz-June-18-2024"]
[Site "Chess.com"]
[Date "2024.06.18"]
[Round "5"]
[White "milovichalex"]
[Black "Guldona_2007"]
[Result "0-1"]
[WhiteElo "2399"]
[BlackElo "2268"]
[TimeControl "180+1"]
[EndTime "8:55:39 PDT"]
[Termination "Guldona_2007 won by resignation"]

1. e4 c5 2. Nf3 d6 3. d4 cxd4 4. Nxd4 Nf6 5. Nc3 Nc6 6. Nxc6 bxc6 7. e5 dxe5 8. Qxd8+ Kxd8 9. Bc4 e6 10. Bg5 Be7 11.
O-O-O+ Kc7 12. Bh4 h6 13. f3 Re8 14. Rhe1 Nd5 15.
Bg3 f6 16. Ne2 Ne3 17. Bd3 Nxd1 18. Rxd1 Rd8 19. Re1 a5 20. a3 Ba6 21. Bxa6 Rxa6 22. c3 Bc5 23. Kc2 Be3 24. b3 Rd2+ 25. Kb1 Rb6 26.
Nc1 Bf2 27. Re2 Rxe2 28. Nxe2 Bxg3 29. Nxg3 Rxb3+ 30. Kc2 Rxa3 31. Kb2 Ra4 32. Nh5 Rh4 33. Nxg7 Kd7 34. h3 Ke7 35. Kb3 Kf7 0-1

[Event "Early-Titled-Tuesday-Blitz-June-18-2024"]
[Site "Chess.com"]
[Date "2024.06.18"]
[Round "5"]
[White "PedroGil25"]
[Black "Adrian-thorsen"]
[Result "1/2-1/2"]
[WhiteElo "2558"]
[BlackElo "2331"]
[TimeControl "180+1"]
[EndTime "8:55:41 PDT"]
[Termination "Game drawn by agreement"]

1. e4 c5 2. Nf3 a6 3. c3 e6 4. d4 d5 5. exd5 exd5 6. dxc5 Bxc5 7. Be2 Nf6 8. O-O O-O 9. Bg5 h6 10. Bh4 Be6 11. Nbd2 Nc6 12. Nb3 Be7 13. Nbd4 Nxd4 14.
Nxd4 Ne4 15. Bxe7 Qxe7 16. Bd3 Rad8 17. Qe2 Nc5 18. Bc2 Qf6 19. Rfe1 Rfe8 20. Rad1 Bd7 21.
Qf3 Qxf3 22. Nxf3 Bc6 23. Nd4 g6 24. f3 Kg7 25. Kf2 Kf6 26. h4 Ba4 27. b3 Bc6 28. g4 Ne6 29. Nxe6 fxe6 30. f4 g5 31. fxg5+ hxg5 32. h5 e5 33. Kg3 e4 34. Rf1+ Ke6 35. Rf5 Rf8 36. Rdf1 Rxf5 37. Rxf5 d4 38. cxd4 Rxd4 39.
Rxg5 Rd2 40. Bxe4 Bxe4 41. Kf4 Bb1 42. Rg7 Bxa2 43. Rxb7 1/2-1/2

[Event "Early-Titled-Tuesday-Blitz-June-18-2024"]
[Site "Chess.com"]
[Date "2024.06.18"]
[Round "5"]
[White "FishThatRoared"]
[Black "David_ATM"]
[Result "0-1"]
[WhiteElo "2268"]
[BlackElo "2423"]
[TimeControl "180+1"]
[EndTime "8:55:47 PDT"]
[Termination "David_ATM won by resignation"]

1. e4 e5 2. Nf3 Nc6 3. Bb5 a6 4. Bxc6 dxc6 5. O-O Bg4 6. h3 h5 7. d3 Qf6 8. Nbd2 Bc5 9. Re1 Ne7 10. d4 Bxf3 11. Nxf3 Bxd4 12. Nxd4 O-O-O 13. c3 exd4 14. e5 Qg6 15. cxd4 Rd5 16. Qa4 Rhd8 17. Be3 Nf5 0-1

[Event "Early-Titled-Tuesday-Blitz-June-18-2024"]
[Site "Chess.com"]
[Date "2024.06.18"]
[Round "5"]
[White "Yan_Dyomin2010"]
[Black "DeArron_Fox"]
[Result "1-0"]
[WhiteElo "2650"]
[BlackElo "2472"]
[TimeControl "180+1"]
[EndTime "8:55:49 PDT"]
[Termination "Yan_Dyomin2010 won on time"]

1. e4 c5 2. Nf3 e6 3. c3 d5 4. exd5 Qxd5 5. d4 Nf6 6. Be3 cxd4 7. cxd4 Bb4+ 8. Nc3 O-O 9. Bd3 Bd7 10. Qe2 Rc8 11.
Bd2 Bxc3 12. bxc3 Nc6 13. O-O Be8 14. Rfe1 h6 15. c4 Qh5 16. Bc3 a6 17. d5 exd5 18.
Bxf6 gxf6 19. cxd5 Qxd5 20. Rad1 Qh5 21. Qe4 Qg6 22.
Qh4 Qg7 23. Re4 Bd7 24. Rf4 f5 25. h3 Be6 26. Bxf5 Bxf5 27. Rxf5 Rd8 28. Re1 Re8 29. Rb1 Re7 30. Rf4 Kh8 31. Rg4 Qh7 32. Qf6+ 1-0

[Event "Early-Titled-Tuesday-Blitz-June-18-2024"]
[Site "Chess.com"]
[Date "2024.06.18"]
[Round "5"]
[White "PabloZarnicki"]
[Black "MarlonJodar"]
[Result "0-1"]
[WhiteElo "2587"]
[BlackElo "2358"]
[TimeControl "180+1"]
[EndTime "8:55:49 PDT"]
[Termination "MarlonJodar won by resignation"]

1. e4 e5 2. Nf3 Nc6 3. d4 exd4 4. c3 d5 5. exd5 Qxd5 6. cxd4 Bg4 7. Be2 Bxf3 8.
Bxf3 Qc4 9. Nc3 Bb4 10. Bxc6+ bxc6 11. Qb3 Qxb3 12. axb3 Ne7 13. O-O Nd5 14. Bd2 Bd6 15. Rfc1 Kd7 16. Ne4 Rhb8 17. b4 Nxb4 18. Rc4 Nd5 19. Rac1 Rxb2 20. Rxc6 a5 21. Nxd6 cxd6 22.
Be1 a4 23. Kf1 a3 24. R6c4 a2 0-1

[Event "Early-Titled-Tuesday-Blitz-June-18-2024"]
[Site "Chess.com"]
[Date "2024.06.18"]
[Round "5"]
[White "Longstom"]
[Black "Veleamater"]
[Result "1-0"]
[WhiteElo "2258"]
[BlackElo "2389"]
[TimeControl "180+1"]
[EndTime "8:55:59 PDT"]
[Termination "Longstom won by resignation"]

1. e4 d6 2. d4 g6 3. Nf3 Bg7 4. Bd3 Nf6 5. O-O O-O 6. c4 Nc6 7. Nc3 h6 8. a3 e5 9. Bc2 exd4 10. Nxd4 Nxd4 11. Qxd4 Be6 12. Qd3 Nd7 13. f4 f5 14. exf5 Bxf5 15. Qd5+ Kh7 16. Bxf5 Rxf5 17. Qxb7 Nc5 18. Qf3 Nb3 19. Rb1 Rb8 20. Nb5 Nxc1 21. Rfxc1 a6 22. Nc3 Bd4+ 23. Kh1 Qf8 24. g3 Re8 25.
Re1 c5 26. Nd5 Rb8 27. Re7+ Rf7 28. Rbe1 Rb7 29. Nf6+ Bxf6 30. Rxb7 h5 31. Qd5 Rg7 32. Rxg7+ Bxg7 33. b4 Bd4 34. Re6 h4 35. Rxd6 h3 36. Rd7+ Kh8 37. Rd8 1-0

[Event "Early-Titled-Tuesday-Blitz-June-18-2024"]
[Site "Chess.com"]
[Date "2024.06.18"]
[Round "5"]
[White "evgchess5"]
[Black "ArtemDyachuk"]
[Result "1-0"]
[WhiteElo "2923"]
[BlackElo "2634"]
[TimeControl "180+1"]
[EndTime "8:56:03 PDT"]
[Termination "evgchess5 won by resignation"]

1. e4 e5 2. Nf3 Nc6 3. Bc4 Bc5 4. c3 Nf6 5. d3 d6 6. O-O O-O 7. Bb3 a6 8. h3 Ba7 9. Be3 Bxe3 10. fxe3 Be6 11.
Bc2 h6 12. Nbd2 Ne7 13. Nh4 c6 14. d4 c5 15. d5 Bd7 16. Rxf6 gxf6 17. Qh5 Kh7 18. Rf1 Rg8 19. Rxf6 Ng6 1-0

[Event "Early-Titled-Tuesday-Blitz-June-18-2024"]
[Site "Chess.com"]
[Date "2024.06.18"]
[Round "5"]
[White "amylazy"]
[Black "Alphafischer2019"]
[Result "1-0"]
[WhiteElo "2477"]
[BlackElo "2624"]
[TimeControl "180+1"]
[EndTime "8:56:03 PDT"]
[Termination "amylazy won by checkmate"]

1. d4 Nf6 2. Nf3 b6 3. e3 Bb7 4. Bd3 e6 5. O-O Be7 6. c4 d5 7.
Nc3 O-O 8. cxd5 exd5 9. Bd2 Nbd7 10. Qc2 a6 11. Ne5 Bd6 12. f4 c5 13. Bf5 g6 14.
Bh3 Be7 15. f5 Qc7 16. fxg6 hxg6 17. Nxg6 fxg6 18. Qxg6+ Kh8 19. Bf5 Rf7 20. Qxf7 Nf8 21. Rf3 N6h7 22. Rg3 Bf6 23. Rg8# 1-0

[Event "Early-Titled-Tuesday-Blitz-June-18-2024"]
[Site "Chess.com"]
[Date "2024.06.18"]
[Round "5"]
[White "rockstar0902"]
[Black "Giantgoogachess"]
[Result "1-0"]
[WhiteElo "2617"]
[BlackElo "2433"]
[TimeControl "180+1"]
[EndTime "8:56:03 PDT"]
[Termination "rockstar0902 won by resignation"]

1. c4 Nf6 2. Nc3 g6 3. e4 d6 4. g3 Bg7 5. Bg2 O-O 6. Nge2 e5 7. O-O Re8 8. d3 c5 9. h3 Nc6 10. f4 Nd7 11. f5 f6 12. g4 Nf8 13. Ng3 g5 14. h4 h6 15. Nh5 Kf7 16. Be3 a6 17. a3 Rb8 18. b4 b6 19. Rb1 Bd7 20.
Nd5 Ne7 21. Ndxf6 Bxf6 22. Nxf6 Kxf6 23. hxg5+ hxg5 24. Bxg5+ Kxg5 25. Qd2+ Kf6 26. Qh6+ Kf7 27. g5 Nxf5 28. exf5 Kg8 29. Bd5+ 1-0

[Event "Early-Titled-Tuesday-Blitz-June-18-2024"]
[Site "Chess.com"]
[Date "2024.06.18"]
[Round "5"]
[White "Orest_Vovk"]
[Black "LaPiToB"]
[Result "1-0"]
[WhiteElo "2566"]
[BlackElo "2326"]
[TimeControl "180+1"]
[EndTime "8:56:04 PDT"]
[Termination "Orest_Vovk won by resignation"]

1. h4 d5 2. h5 e5 3. h6 Nxh6 4. d4 e4 5. Bxh6 gxh6 6. e3 Bf5 7. c4 c6 8. Qb3 Qa5+ 9. Nc3 Qb4 10. cxd5 Qxb3 11.
axb3 Bb4 12. dxc6 Nxc6 13. Rxh6 a6 14. Bb5 Bd7 15. Ne2 Bf8 16. Rh4 f5 17. Nd5 Kf7 18.
Nb6 Rd8 19. Nxd7 axb5 20. Nxf8 Kxf8 21. Rh5 Ne7 22. Ra7 Rg8 23. Nf4 Rc8 24. Kd2 Kg7 25. Rxb7 Rge8 26. Rxf5 Kh8 27. Re5 1-0

[Event "Early-Titled-Tuesday-Blitz-June-18-2024"]
[Site "Chess.com"]
[Date "2024.06.18"]
[Round "5"]
[White "CMButgood"]
[Black "campochess"]
[Result "1-0"]
[WhiteElo "2005"]
[BlackElo "2208"]
[TimeControl "180+1"]
[EndTime "8:56:07 PDT"]
[Termination "CMButgood won by resignation"]

1. e4 c5 2. Nf3 Nc6 3. d4 cxd4 4. Nxd4 e5 5. Nb5 a6 6. Nd6+ Bxd6 7. Qxd6 Qe7 8. Qd2 Nf6 9. Nc3 d6 10. Bc4 Be6 11. Bb3 Rd8 12. O-O O-O 13. Re1 Nd4 14.
Bd5 b5 15. a3 a5 16. Bxe6 fxe6 17. Qd3 b4 18. axb4 axb4 19. Nb5 d5 20. exd5 Rxd5 21.
c4 Rdd8 22. Nxd4 Rxd4 23. Qb3 Ne4 24. Be3 Rd7 25. c5 Rd5 26. Qxb4 Qc7 27. Qxe4 Rfd8 28. b4 Rd3 29. b5 Qd7 30. c6 Qd5 31. Qxd5 exd5 32.
c7 Rc8 33. b6 1-0

[Event "Early-Titled-Tuesday-Blitz-June-18-2024"]
[Site "Chess.com"]
[Date "2024.06.18"]
[Round "5"]
[White "DvaHrasta"]
[Black "Cmorales2001"]
[Result "1-0"]
[WhiteElo "2516"]
[BlackElo "2322"]
[TimeControl "180+1"]
[EndTime "8:56:09 PDT"]
[Termination "DvaHrasta won by resignation"]

1. c4 e6 2. g3 d5 3. d4 dxc4 4. Bg2 Nf6 5. Nf3 Bd7 6. O-O Bc6 7. Nbd2 Nbd7 8. Nxc4 Be7 9. Bf4 O-O 10. Rc1 Bd5 11.
Ne3 Bc6 12. Nc4 Nh5 13. Bd2 Bd5 14. Qc2 Nhf6 15. Rfe1 Be4 16. Qb3 c5 17. Be3 Rc8 18. Red1 Bd5 19. Nfe5 cxd4 20. Bxd4 Nxe5 21. Bxd5 Qxd5 22.
Bxe5 Qxc4 23. Rxc4 1-0

[Event "Early-Titled-Tuesday-Blitz-June-18-2024"]
[Site "Chess.com"]
[Date "2024.06.18"]
[Round "5"]
[White "UK_23"]
[Black "MasterKroket"]
[Result "1-0"]
[WhiteElo "2406"]
[BlackElo "2533"]
[TimeControl "180+1"]
[EndTime "8:56:11 PDT"]
[Termination "UK_23 won by resignation"]

1. e4 e5 2. Nf3 Nc6 3. d4 exd4 4. Nxd4 Bc5 5. Nxc6 Qf6 6. Qe2 dxc6 7. Nc3 Be6 8.
Be3 Bb4 9. Bd2 Ne7 10. O-O-O O-O-O 11. f3 h5 12. h4 Qe5 13. a3 Ba5 14. f4 Qf6 15. f5 Bd7 16. g3 c5 17. Bg5 Qe5 18.
Bf4 Qf6 19. Nd5 Nxd5 20. Rxd5 Bb6 21. Bg5 Qc6 22. Bxd8 Rxd8 23. Bg2 Re8 24. Rhd1 Qb5 25. Qxh5 Bc6 26. R5d2 Qc4 27. Kb1 Ba5 28. Rd3 b5 29. Qe2 Kb7 30. e5 b4 31. Bxc6+ Kxc6 32. Qf3+ Kb5 33.
a4+ Ka6 34. Qc6+ 1-0

[Event "Early-Titled-Tuesday-Blitz-June-18-2024"]
[Site "Chess.com"]
[Date "2024.06.18"]
[Round "5"]
[White "AmbartsumianTyhran2012"]
[Black "sammartin99"]
[Result "1-0"]
[WhiteElo "2519"]
[BlackElo "2337"]
[TimeControl "180+1"]
[EndTime "8:56:16 PDT"]
[Termination "AmbartsumianTyhran2012 won on time"]

1. e4 c5 2. Nf3 Nc6 3. d4 cxd4 4.
Nxd4 Nf6 5. Nc3 e5 6. Nde2 Bc5 7. h3 h6 8. g3 O-O 9. Bg2 d6 10. O-O a6 11. Kh2 b5 12. f4 Bb7 13. g4 exf4 14. Bxf4 Ne5 15. Ng3 Ng6 16. Bc1 Re8 17. Qd3 Bb4 18.
Nd5 Nxd5 19. exd5 Ne5 20. Qb3 Bc5 21. Nf5 Qb6 22. Qg3 f6 23. Bxh6 gxh6 24. Nxh6+ Kg7 25. Nf5+ Kf7 26. g5 Rg8 27. Nh6+ Ke7 28. Nxg8+ Rxg8 29.
Rxf6 1-0

[Event "Early-Titled-Tuesday-Blitz-June-18-2024"]
[Site "Chess.com"]
[Date "2024.06.18"]
[Round "5"]
[White "Rutricks"]
[Black "Szachulec75"]
[Result "1-0"]
[WhiteElo "2759"]
[BlackElo "2245"]
[TimeControl "180+1"]
[EndTime "8:56:20 PDT"]
[Termination "Rutricks won by resignation"]

1. c4 Nf6 2. Nf3 d6 3. d4 Nbd7 4. g3 e5 5. Bg2 g6 6. Nc3 Bg7 7. O-O O-O 8. Qc2 c6 9. Rd1 Qc7 10. b3 Re8 11. Ba3 exd4 12. Rxd4 Nc5 13. Rad1 Bf5 14. Qc1 Rad8 15. Rf4 Ne6 16. Rxf5 gxf5 17. Nh4 f4 18. Nf5 fxg3 19. hxg3 Bf8 20. Bb2 a5 21. Nd5 cxd5 22. Bxf6 dxc4 23. Rd4 h5 24. Rh4 cxb3 25. Qxc7 Nxc7 26. Rxh5 1-0

[Event "Early-Titled-Tuesday-Blitz-June-18-2024"]
[Site "Chess.com"]
[Date "2024.06.18"]
[Round "5"]
[White "pineapplehhh"]
[Black "Matols"]
[Result "0-1"]
[WhiteElo "2103"]
[BlackElo "2365"]
[TimeControl "180+1"]
[EndTime "8:56:21 PDT"]
[Termination "Matols won by checkmate"]

1. e4 c6 2. d4 d5 3. Nc3 dxe4 4. Nxe4 Nf6 5. Nxf6+ exf6 6. c3 Bd6 7. Bd3 O-O 8. Qc2 Re8+ 9. Ne2 h5 10. Bd2 Nd7 11. O-O-O Nf8 12. Nf4 Bxf4 13. Bxf4 Be6 14. Rhe1 b5 15.
Be4 Rc8 16. Kb1 Qa5 17. a3 Qd8 18. Bf3 h4 19. g3 h3 20. Be4 a5 21. Qe2 f5 22.
Bc2 Ba2+ 23. Kxa2 Rxe2 24. Rxe2 g6 25. Rde1 Ne6 26. Be5 b4 27. Bb3 bxc3 28. bxc3 c5 29. d5 c4 30. dxe6 cxb3+ 31. Kxb3 Qd5+ 32. Kc2 fxe6 33.
Bd4 Qxd4 34. Rxe6 Rxc3+ 35. Kb1 Qd3+ 36. Ka2 Rxa3+ 37. Kb2 Qc3+ 38. Kb1 Ra1# 0-1

[Event "Early-Titled-Tuesday-Blitz-June-18-2024"]
[Site "Chess.com"]
[Date "2024.06.18"]
[Round "5"]
[White "KogotBobra17"]
[Black "scarabee43"]
[Result "0-1"]
[WhiteElo "2668"]
[BlackElo "2885"]
[TimeControl "180+1"]
[EndTime "8:56:22 PDT"]
[Termination "scarabee43 won by resignation"]

1. e4 d6 2. d4 Nf6 3. Nc3 g6 4.
Nf3 Bg7 5. Be3 O-O 6. Qd2 Nc6 7. Bh6 Bg4 8. Be2 Bxh6 9. Qxh6 Bxf3 10. Bxf3 Nxd4 11.
O-O-O e5 12. h4 Nxf3 13. gxf3 Nh5 14. Ne2 Qf6 15. Ng3 Qf4+ 16. Qxf4 Nxf4 17. h5 Kg7 18. Rdg1 Kf6 19. Rh4 a5 20. Kd2 a4 21. Ke3 a3 22.
b3 Ra6 23. Ne2 g5 24. Rhg4 Nxe2 25. Kxe2 h6 26. c4 Ke6 27. Rd1 f5 28. Rgg1 Raa8 29.
Rc1 b6 30. Rc3 fxe4 31. fxe4 Rf4 32. f3 Rh4 33. Rg2 Rxh5 34. Rc1 Rh3 35. Rf1 Rf8 36. Ke3 Rf4 37. Ke2 g4 38. Rxg4 Rh2+ 39. Ke3 Rxg4 40. fxg4 Rxa2 41. Rh1 Rb2 42. Rxh6+ Kd7 43. Rh8 Rxb3+ 44. Kf2 Rc3 45. g5 Ke6 46. Rf8 a2 47.
Ra8 Rxc4 48. Kf3 Rc2 49. Kg4 b5 50. Kh5 b4 51. Kg6 b3 52. Kg7 Rc1 0-1

[Event "Early-Titled-Tuesday-Blitz-June-18-2024"]
[Site "Chess.com"]
[Date "2024.06.18"]
[Round "5"]
[White "kinga2008"]
[Black "Alenzer"]
[Result "1-0"]
[WhiteElo "2556"]
[BlackElo "2170"]
[TimeControl "180+1"]
[EndTime "8:56:24 PDT"]
[Termination "kinga2008 won by resignation"]

1. e4 c5 2. Nf3 e6 3. c3 d5 4.
exd5 exd5 5. d4 Nf6 6. Bb5+ Nc6 7. O-O Bd6 8. Re1+ Be6 9. Ng5 O-O 10. Nxe6 fxe6 11. Rxe6 Ne4 12. Be3 Qd7 13. Qg4 Rae8 14.
Rxe4 Qc7 15. Rxe8 Rxe8 16. dxc5 Bxh2+ 17. Kh1 Be5 18. Nd2 a6 19. Bxc6 bxc6 20. Nf3 Bf6 21. Re1 Re4 22. Qh3 h6 23. Bd2 Ra4 24. Re8+ Kh7 25.
Qf5+ g6 26. Qxf6 1-0

[Event "Early-Titled-Tuesday-Blitz-June-18-2024"]
[Site "Chess.com"]
[Date "2024.06.18"]
[Round "5"]
[White "ThetNaung291"]
[Black "Mikozovna"]
[Result "0-1"]
[WhiteElo "2450"]
[BlackElo "2627"]
[TimeControl "180+1"]
[EndTime "8:56:26 PDT"]
[Termination "Mikozovna won by resignation"]

1. d4 d6 2. Nf3 g6 3. e4 Nf6 4.
Bd3 Bg7 5. O-O O-O 6. h3 c5 7. c3 Nc6 8. d5 Nb8 9. Nbd2 e6 10. dxe6 Bxe6 11. Re1 Nc6 12. Nc4 b5 13. Ncd2 c4 14. Bc2 d5 15. exd5 Bxd5 16. Nf1 Qc7 17.
Be3 Rad8 18. Nd4 a6 19. Qc1 Qb7 20. f3 Nh5 21. Nxc6 Bxc6 22. a3 Bxf3 23. gxf3 Qxf3 24. Bd1 Qxh3 25. Bxh5 Qxh5 26. Qc2 Rfe8 27. Red1 Rxd1 28.
Qxd1 Qh3 29. Qd2 h5 30. Qf2 Re4 31. Nh2 Be5 32. Bd4 Bxh2+ 33. Qxh2 Rg4+ 0-1

[Event "Early-Titled-Tuesday-Blitz-June-18-2024"]
[Site "Chess.com"]
[Date "2024.06.18"]
[Round "5"]
[White "shirovin"]
[Black "AGW2016"]
[Result "0-1"]
[WhiteElo "2110"]
[BlackElo "2544"]
[TimeControl "180+1"]
[EndTime "8:56:27 PDT"]
[Termination "AGW2016 won on time"]

1. e4 e5 2. Nf3 Nc6 3. Bc4 Bc5 4. b4 Bb6 5. O-O Nf6 6. d3 a6 7. b5 axb5 8. Bxb5 O-O 9. Bg5 h6 10. Bh4 d6 11. Nc3 Nd4 12. Nd5 Nxb5 13. Nxf6+ gxf6 14. c3 Nxc3 15. Qd2 Kg7 16. Qxc3 Bg4 17. Rab1 Rxa2 18. Qb3 Ra8 19. h3 Bxf3 20. gxf3 Qd7 21. Kh2 Qe6 22.
Rg1+ Kh7 23. Qc2 Ra2 24. Rb2 Rxb2 25. Qxb2 Ra8 26. Qe2 Rg8 27. Rxg8 Kxg8 28. Bg3 Bd4 29. f4 exf4 30. Bxf4 Be5 31. Bxe5 fxe5 32. Kg2 b5 33. Qc2 c5 34. Qb2 b4 35. Qa1 Kg7 36. Kf3 Qxh3+ 37.
Ke2 Qg4+ 38. Kd2 Qf3 39. Qf1 b3 40. Qg1+ Kf6 41. Kc3 c4 42. Kxc4 b2 43. Qb1 Qxf2 44.
Kc3 h5 45. Qh1 h4 46. Qh3 b1=N+ 0-1

[Event "Early-Titled-Tuesday-Blitz-June-18-2024"]
[Site "Chess.com"]
[Date "2024.06.18"]
[Round "5"]
[White "Ranindu2003"]
[Black "Chempiblinka"]
[Result "1-0"]
[WhiteElo "2689"]
[BlackElo "2352"]
[TimeControl "180+1"]
[EndTime "8:56:31 PDT"]
[Termination "Ranindu2003 won by checkmate"]

1. Nf3 Nf6 2. c4 g6 3. b3 Bg7 4. Bb2 O-O 5. g3 c5 6. Bg2 Nc6 7.
O-O d5 8. cxd5 Nxd5 9. Bxg7 Kxg7 10. d4 cxd4 11. Nxd4 Nxd4 12. Qxd4+ Nf6 13. Qb2 Rb8 14. Nc3 Bg4 15. h3 Bf5 16. Rfd1 Qa5 17. Nd5 Rbc8 18.
g4 Rc2 19. Qd4 Rd8 20. gxf5 Rxe2 21. Qc4 Re5 22. Nxf6 Rxd1+ 23. Rxd1 exf6 24. Rd7 Qe1+ 25.
Kh2 Qxf2 26. Qxf7+ Kh6 27. Qxh7+ Kg5 28. Qxg6+ Kf4 29.
Qg4+ Ke3 30. Qd4+ Ke2 31. Qd3+ Ke1 32. Qd1# 1-0

[Event "Early-Titled-Tuesday-Blitz-June-18-2024"]
[Site "Chess.com"]
[Date "2024.06.18"]
[Round "5"]
[White "Muifel"]
[Black "bescmelasti"]
[Result "1-0"]
[WhiteElo "2504"]
[BlackElo "2612"]
[TimeControl "180+1"]
[EndTime "8:56:32 PDT"]
[Termination "Muifel won by resignation"]

1. e4 e6 2. d4 d5 3. exd5 exd5 4. c4 Nf6 5. Nc3 Nc6 6. Nf3 dxc4 7. Bxc4 Bd6 8. h3 O-O 9. O-O h6 10. Re1 Bf5 11.
a3 a6 12. Be3 Re8 13. Qb3 Qd7 14. Bf1 b5 15. Rad1 Na5 16. Qa2 c6 17. Ne5 Qc7 18. f4 Be6 19. Qb1 Nc4 20. Nxc4 Bxc4 21. Bxc4 bxc4 22. g3 Rab8 23. Bf2 Rxe1+ 24. Rxe1 Bxa3 25. Na4 Bxb2 26. Qa2 c3 27. Nc5 c2 28. Nxa6 Qa7 29. d5 Bd4 30. Bxd4 Qxd4+ 31. Kf1 Qc4+ 32. Qxc4 Rb1 33.
Qxc2 1-0

[Event "Early-Titled-Tuesday-Blitz-June-18-2024"]
[Site "Chess.com"]
[Date "2024.06.18"]
[Round "5"]
[White "Zampronha1971"]
[Black "Masterisback04"]
[Result "1-0"]
[WhiteElo "2394"]
[BlackElo "2110"]
[TimeControl "180+1"]
[EndTime "8:56:32 PDT"]
[Termination "Zampronha1971 won on time"]

1. e4 c5 2. Nf3 Nc6 3. d4 cxd4 4. Nxd4 e5 5. Nb5 d6 6. N1c3 a6 7. Na3 b5 8. Nd5 Nge7 9. c3 Nxd5 10. exd5 Ne7 11.
g3 Ng6 12. Bg2 Be7 13. O-O O-O 14. Nc2 f5 15. a4 Rb8 16. axb5 axb5 17. Qe2 f4 18.
Nb4 Rb6 19. Ra8 Qc7 20. Nc6 Bg5 21. Qh5 Bh6 22. Bh3 Rxc6 23. dxc6 Qxc6 24. Rxc8 Rxc8 25. Be6+ Kf8 26. Bxc8 Qxc8 27. Rd1 Qe6 28. g4 1-0

[Event "Early-Titled-Tuesday-Blitz-June-18-2024"]
[Site "Chess.com"]
[Date "2024.06.18"]
[Round "5"]
[White "InitiatingASC"]
[Black "Sofia_Blokhin"]
[Result "0-1"]
[WhiteElo "2428"]
[BlackElo "2315"]
[TimeControl "180+1"]
[EndTime "8:56:34 PDT"]
[Termination "Sofia_Blokhin won by resignation"]

1. d4 f5 2. g3 Nf6 3. Bg2 g6 4. Nh3 Bg7 5. Nf4 O-O 6. Nd2 d6 7.
Nf3 Nc6 8. d5 Ne5 9. h4 c6 10.
Nxe5 dxe5 11. dxc6 Qxd1+ 12. Kxd1 exf4 13. cxb7 Bxb7 14. Bxb7 Rab8 15. Ba6 fxg3 16. fxg3 Ne4 17. c3 Nf2+ 18.
Kc2 Nxh1 19. Bf4 e5 20. Be3 Nxg3 21. Bxa7 Ra8 22. Bc4+ Kh8 23. Bc5 Rfc8 24. b4 Ne4 25.
Bd5 Rab8 26. Bxe4 fxe4 27. a4 e3 28. Kd3 e4+ 29. Kc4 Bf8 30. a5 Bxc5 31. bxc5 Ra8 32. Kb5 Kg7 33. c6 Rc7 34. Rd1 Kf6 35. Rd7 Rxd7 36. cxd7 Ke7 37. Kb6 Kxd7 38. a6 Kc8 39. a7 h6 0-1

[Event "Early-Titled-Tuesday-Blitz-June-18-2024"]
[Site "Chess.com"]
[Date "2024.06.18"]
[Round "5"]
[White "Cheer_Down"]
[Black "BestestBP"]
[Result "1-0"]
[WhiteElo "2420"]
[BlackElo "2264"]
[TimeControl "180+1"]
[EndTime "8:56:34 PDT"]
[Termination "Cheer_Down won by checkmate"]

1. e4 e5 2. Nf3 Nc6 3. Bc4 Nf6 4. d3 h6 5. O-O d6 6. c3 g5 7. Nbd2 Bg7 8. Bb3 O-O 9. h3 d5 10. Re1 Re8 11. Nf1 g4 12. hxg4 Bxg4 13. Ne3 Be6 14.
exd5 Nxd5 15. Bxd5 Bxd5 16. Nf5 Qf6 17. N3h4 Ne7 18.
Qg4 Kh8 19. Nxe7 Rxe7 20. Nf5 Ree8 21. Qh5 Kh7 22. Re3 Rg8 23. Rh3 Bf8 24. Bxh6 Rxg2+ 25. Kf1 Kg8 26. Bxf8 Rxf8 27. Qh7# 1-0

[Event "Early-Titled-Tuesday-Blitz-June-18-2024"]
[Site "Chess.com"]
[Date "2024.06.18"]
[Round "5"]
[White "SocoLoco"]
[Black "dianamirza"]
[Result "1-0"]
[WhiteElo "2184"]
[BlackElo "1789"]
[TimeControl "180+1"]
[EndTime "8:56:35 PDT"]
[Termination "SocoLoco won on time"]

1. e4 c5 2. Nc3 g6 3. d3 Bg7 4. Be3 e6 5. Bxc5 Ne7 6. f4 O-O 7. Be3 Nbc6 8. Nf3 d5 9. Bf2 dxe4 10. dxe4 Qa5 11. Bd3 Bxc3+ 12. bxc3 Qxc3+ 13. Nd2 Nb4 14. O-O Nxd3 15. cxd3 Qxd3 16. Rb1 Nc6 17. Rb3 Qd6 18. Bh4 Qd4+ 19. Kh1 Rb8 20. e5 b6 21. Bf6 Bb7 22. Rg3 Rfc8 23. Qh5 1-0

[Event "Early-Titled-Tuesday-Blitz-June-18-2024"]
[Site "Chess.com"]
[Date "2024.06.18"]
[Round "5"]
[White "Murad_Ibrahimli"]
[Black "Feegus"]
[Result "1/2-1/2"]
[WhiteElo "2916"]
[BlackElo "2689"]
[TimeControl "180+1"]
[EndTime "8:56:36 PDT"]
[Termination "Game drawn by repetition"]

1. d4 d5 2. c4 e6 3. Nc3 h6 4. e4 dxe4 5. Nxe4 Bb4+ 6. Nc3 c5 7. Nf3 Nc6 8. Be3 Nf6 9. Qd3 O-O 10. O-O-O Qa5 11. d5 exd5 12. cxd5 Bxc3 13. dxc6 Bd4 14.
Nxd4 cxd4 15. Bxd4 Bf5 16. Qb5 Qxa2 17. Bc4 Qb1+ 18.
Kd2 Qc2+ 19. Ke1 Rae8+ 20. Be3 Ng4 21. Rd2 Qc1+ 22. Rd1 Rxe3+ 23. fxe3 Qxe3+ 24. Be2 Qf2+ 25. Kd2 Qe3+ 26. Ke1 Qf2+ 27. Kd2 Qe3+ 28. Ke1 1/2-1/2

[Event "Early-Titled-Tuesday-Blitz-June-18-2024"]
[Site "Chess.com"]
[Date "2024.06.18"]
[Round "5"]
[White "ImportedItalianMaple"]
[Black "GMG"]
[Result "1-0"]
[WhiteElo "2528"]
[BlackElo "2713"]
[TimeControl "180+1"]
[EndTime "8:56:37 PDT"]
[Termination "ImportedItalianMaple won by resignation"]

1. e4 c6 2. d4 d5 3. exd5 cxd5 4.
Bd3 Nc6 5. c3 Qc7 6. Ne2 Bg4 7. f3 Bh5 8. Bf4 Qd7 9. O-O e6 10.
c4 Nf6 11. Nbc3 Be7 12. c5 Bg6 13. a3 b6 14. b4 bxc5 15. dxc5 e5 16. Bg3 O-O 17. Bb5 d4 18. Bxe5 Qe6 19. Nxd4 Qxe5 20. Nxc6 Bxc5+ 21. bxc5 Qxc3 22. Qd4 Qxd4+ 23. Nxd4 Rfd8 24.
Nc6 Rd2 25. Rf2 Rxf2 26. Kxf2 Nd5 27. Rc1 Kf8 28. Ne5 f6 29. Nxg6+ hxg6 30. Bc6 Rd8 31.
Rd1 1-0

[Event "Early-Titled-Tuesday-Blitz-June-18-2024"]
[Site "Chess.com"]
[Date "2024.06.18"]
[Round "5"]
[White "GoltsevDmitry2000"]
[Black "GHANDEEVAM2003"]
[Result "1/2-1/2"]
[WhiteElo "2719"]
[BlackElo "2989"]
[TimeControl "180+1"]
[EndTime "8:56:39 PDT"]
[Termination "Game drawn by repetition"]

1. e4 d6 2. Nf3 g6 3. d4 Bg7 4. c3 Nc6 5. Bc4 e5 6. dxe5 dxe5 7. Qxd8+ Nxd8 8. Be3 Nf6 9. Nxe5 Nxe4 10. Nf3 Nd6 11. Bb3 Be6 12. Nbd2 Nf5 13. Bf4 Bxb3 14. Nxb3 Ne6 15. Be5 f6 16. Bg3 h5 17. O-O-O h4 18.
Rhe1 hxg3 19. Rxe6+ Kf7 20. Rd7+ Kg8 21. fxg3 Rh7 22.
Kb1 g5 23. Rxc7 g4 24. Nfd4 Nxd4 25. Nxd4 Rxh2 26. Nf5 Bf8 27. Rxf6 Re8 28. a3 b5 29.
Rg6+ Kh8 30. Rxg4 Rxg2 31. Nd4 Bxa3 32. Rh4+ Kg8 33. Rg4+ Kh8 34. Rh4+ Kg8 35. Rg4+ Kh8 1/2-1/2

[Event "Early-Titled-Tuesday-Blitz-June-18-2024"]
[Site "Chess.com"]
[Date "2024.06.18"]
[Round "5"]
[White "chessbaerchen"]
[Black "Heliosis11"]
[Result "1-0"]
[WhiteElo "2690"]
[BlackElo "2450"]
[TimeControl "180+1"]
[EndTime "8:56:40 PDT"]
[Termination "chessbaerchen won by resignation"]

1. e4 e5 2. Nf3 Nc6 3. Bb5 a6 4. Bxc6 dxc6 5. O-O Bg4 6. h3 h5 7. d3 Qf6 8. Nbd2 g5 9. Nc4 Bd6 10. Be3 Qg7 11. d4 O-O-O 12. hxg4 hxg4 13. Nxg5 Qh6 14. Qxg4+ Kb8 15. Nh3 Qh7 16. dxe5 Bb4 17. Rad1 Ne7 18.
c3 Rxd1 19. Rxd1 Rg8 20. Qf3 Ng6 21. Ng5 Qh4 22. cxb4 Rh8 23. g3 Qh2+ 24. Kf1 b5 25.
Nxf7 Rf8 26. Na5 Nxe5 27. Nxe5 Rxf3 28. Nexc6+ 1-0